 Dungeon Crawl Stone Soup version 0.29-a0-757-g358383bc75 (webtiles) character file.

Game seed: 18245042505952617244

196 buhh the Sneak (level 5, 0/37 HPs)
             Began as an Octopode Transmuter on June 30, 2022.
             Succumbed to a scorpion's poison
             ... on level 3 of the Dungeon.
             The game lasted 00:03:07 (2222 turns).

buhh the Sneak (Octopode Transmuter)                Turns: 2222, Time: 00:03:08

Health: 0/37       AC:  5    Str:  9    XL:     5   Next: 74%
Magic:  8/8        EV: 13    Int: 18    God:
Gold:   104        SH:  0    Dex: 12    Spells: 7/8 levels left

rFire   . . .      SeeInvis .     - Unarmed
rCold   . . .      Faith    .   (no shield)
rNeg    . . .      Spirit   .   (helmet currently unavailable)
rPois   .          Reflect  .   (no amulet)
rElec   .          Harm     .   b - +4 ring of protection
rCorr   .          Rampage  .   h - ring of willpower
Will    ++...                   j - ring of willpower
Stlth   ++++......              (no ring)
HPRegen 0.12/turn               (no ring)
MPRegen 0.11/turn               (no ring)
                                (no ring)
                                (no ring)

@: lethally poisoned (0 -> -7), appendages (expiring), attractive, flying,
invisible
A: tentacle spike 3, almost no armour, amphibious, 8 rings, camouflage 1,
gelatinous body 1, (nimble swimmer 1), tentacles
a: End Transformation


You were on level 3 of the Dungeon.
One of your tentacles had grown a beastly spike.
You visited 1 branch of the dungeon, and saw 3 of its levels.

You collected 104 gold pieces.

Inventory:

Jewellery
 b - a +4 ring of protection (left tentacle)
 h - a ring of willpower (right tentacle)
 j - a ring of willpower (on tentacle)
Wands
 F - a wand of iceblast (8)
Scrolls
 a - a scroll of amnesia {unknown}
 d - a scroll of enchant armour {unknown}
 e - a scroll of identify {unknown}
 g - a scroll of vulnerability {unknown}
 i - a scroll of brand weapon {unknown}
 t - a scroll of teleportation {!d}
Potions
 f - 2 potions of attraction


   Skills:
 + Level 4.0 Fighting
 - Level 2.0 Dodging
 - Level 5.0 Stealth
 - Level 3.0 Unarmed Combat
 - Level 2.0 Spellcasting
 - Level 2.0 Transmutations


You had 7 spell levels left.
You knew the following spells:

 Your Spells              Type           Power      Damage    Failure   Level
a - Beastly Appendage     Tmut           18%        N/A       8%          1

Your spell library contained the following spells:

 Spells                   Type           Power      Damage    Failure   Level
 Wereblood                Tmut           9%         N/A       12%         2
 Apportation              Tloc           2%         N/A       19%         1
 Spider Form              Tmut/Pois      5%         N/A       34%         3
 Ignite Poison            Fire/Tmut/Pois 4%         N/A       38%         3
 Confusing Touch          Hex            1%         N/A       47%         3
 Mephitic Cloud           Conj/Pois/Air  1%         N/A       47%         3
 Ice Form                 Ice/Tmut       5%         N/A       75%         4
 Alistair's Intoxication  Tmut/Pois      3%         N/A       97%         5
 Yara's Violent Unravell  Hex/Tmut       2%         3d3       97%         5
 Freezing Cloud           Conj/Ice/Air   0%         6-21      99%         5
 Enfeeble                 Hex            0%         N/A       100%        7


Dungeon Overview and Level Annotations

Branches:
Dungeon (3/15) Zot: 15785

Altars:
Gozag

Shops:
D:1 =


Innate Abilities, Weirdness & Mutations

One of your tentacles has grown a beastly spike.
You cannot wear most types of armour.
You are amphibious.
You can wear up to eight rings at the same time.
Your skin changes colour to match your surroundings (Stealth+).
Your rubbery body absorbs attacks. (AC +1, EV +1)
((You are camouflaged when in or above water. (Stealth+)))
You have tentacles for arms and can constrict up to eight enemies at once.


Message History

The scorpion poisons you!
You tentacle-slap the scorpion but do no damage.
Your grab misses the scorpion.
Your tentacle spike misses the scorpion.
The scorpion is moderately wounded.
You feel very sick. The scorpion stings you.
You are lethally poisoned!
The scorpion poisons you!
You tentacle-slap the scorpion. Your grab misses the scorpion.
You pierce the scorpion, but do no damage.
The scorpion is moderately wounded.
You feel very sick. The scorpion stings you.
Aiming: Iceblast
Press: ? - help, Shift-Dir - straight line The mass of ice explodes!
The iceblast engulfs the scorpion.
The scorpion is severely wounded.
* * * LOW HITPOINT WARNING * * *
You feel very sick. The scorpion barely misses you.
Aiming: Iceblast
Press: ? - help, Shift-Dir - straight line The mass of ice explodes!
The iceblast engulfs the scorpion!
You kill the scorpion!
* * * LOW HITPOINT WARNING * * *
You feel very sick.
Your Fighting skill increases to level 4!
It was a potion of attraction.
You feel attractive to monsters.
* * * LOW HITPOINT WARNING * * *
You feel sick.
It was a potion of flight.
You feel very buoyant.
You fly up into the air.
* * * LOW HITPOINT WARNING * * *
You feel sick.
It was a potion of invisibility.
You fade into invisibility!
You die...

#### # ## #.###... ##.
#. #...... ....#.
#.###.## ##..#.### #.#
.....#..## #.#
#...#....#####. #.#
#....†.....(. #.#
#..@.8...###.####.##
#.#.#....8............
#......8............##
....#.#....8.....###.###
......#..8....... #. #
..#.###....8..... #. #
<..#.....8....... #. #
...##......8..... #. # .
### ##...8....... #.


There were no monsters in sight!

Vanquished Creatures
  A scorpion (D:3)
  An orc wizard (D:2)
  3 gnolls
  2 adders
  4 worms (D:2)
  2 dart slugs
  4 orcs (D:2)
  3 endoplasms
  4 giant cockroaches
  6 hobgoblins
  4 jackals (D:1)
  A quokka (D:1)
  3 ball pythons
  6 frilled lizards
  A kobold (D:1)
  2 rats
47 creatures vanquished.

Notes
Turn   | Place    | Note
-------+----------+-------------------------------------------
     0 | D:1      | buhh the Octopode Transmuter began the quest for the Orb.
     0 | D:1      | Reached XP level 1. HP: 13/13 MP: 3/3
    42 | D:1      | Reached skill level 1 in Stealth
   109 | D:1      | Reached XP level 2. HP: 14/18 MP: 3/5
   204 | D:1      | Reached skill level 2 in Stealth
   695 | D:1      | Found Ovuappoh's Jewellery Shoppe.
   943 | D:2      | Reached skill level 3 in Stealth
   943 | D:2      | Reached XP level 3. HP: 24/24 MP: 4/6
  1002 | D:2      | Reached skill level 4 in Stealth
  1002 | D:2      | Reached XP level 4. HP: 25/29 MP: 5/7
  1105 | D:2      | Found an opulent altar of Gozag.
  1612 | D:2      | Reached skill level 5 in Stealth
  1867 | D:3      | Reached XP level 5. HP: 28/36 MP: 6/8
  2222 | D:3      | Succumbed to a scorpion's poison

Illustrated notes

Levels and vault maps discovered:
D:1:      evilmike_arrival_plus, layout_rooms, serial_shops, shop,
          minmay_misc_feat_tower
D:2:      layout_basic, basic_altar, amcnicky_mini_pool_small
D:3:      layout_loops_ring, serial_bayou_pond_d, minmay_misc_feat_pillars

Skill      XL: |  1  2  3  4  5 |
---------------+----------------+-----
Stealth        | 1 3 4 5 |  5.0
Fighting       | 2 4 |  4.0
Dodging        | |  2.0
Unarmed Combat | |  3.0
Spellcasting   | |  2.0
Transmutations | |  2.0

Action                   |  1- 3 |  4- 6 || total
-------------------------+-------+-------++-------
Melee: Unarmed           |    51 |    62 ||   113
       Constrict         |    18 |    13 ||    31
       Kick              |    15 |    25 ||    40
       Tentacles         |     8 |    11 ||    19
       Punch             |     2 |       ||     2
 Cast: Beastly Appendage |    13 |    20 ||    33
Evoke: Wand              |       |     2 ||     2
  Use: Scroll            |     1 |       ||     1
       Potion            |       |     4 ||     4
 Stab: Sleeping          |       |     8 ||     8
Armor: Skin              |     6 |    10 ||    16
Dodge: Dodged            |    26 |    30 ||    56

Table legend: (Time is in decaauts)
 A = Elapsed time spent in this place.
 B = Non-inter-level travel time spent in this place.
 C = Inter-level travel time spent in this place.
 D = Time resting spent in this place.
 E = Time spent auto-exploring this place.
 F = Levels seen in this place.
 G = Mean time per level.
                   A        B        C        D        E       F      G
               +--------+--------+--------+--------+--------+-----+--------+
         Total |   2214 |   2182 |     32 |    606 |   1239 |   3 |  738.0 |
       Dungeon |   2214 |   2182 |     32 |    606 |   1239 |   3 |  738.0 |
               +--------+--------+--------+--------+--------+-----+--------+

Top non-repeatable levels by time:
     D:2: 977 daAuts
     D:1: 932 daAuts
     D:3: 304 daAuts
